 Dungeon Crawl Stone Soup version 0.18.1-8-gdd0e5ea (webtiles) character file.

9665 georgeearnest the Grappler (level 11, -8/109 HPs)
             Began as a Troll Monk on May 28, 2016.
             Was a High Priest of Pakellas.
             Mangled by an ogre
             ... wielding a cursed -2 giant club
              (17 damage)
             ... on level 2 of the Orcish Mines.
             The game lasted 00:27:20 (10242 turns).

georgeearnest the Grappler (Troll Monk)            Turns: 10242, Time: 00:27:21

Health: -8/109     AC:  7    Str: 26    XL:     11   Next: 26%
Magic:  11/11      EV: 15    Int: 10    God:    Pakellas [*****.]
Gold:   1460       SH:  6    Dex: 15    Spells: 0 memorised, 10 levels left

rFire  . . .     SeeInvis .       - Unarmed
rCold  . . .     Gourm    +     Q - +1 robe "Xoyshry" {-Cast rN+ rCorr Int+4} (curse)
rNeg   + . .     Faith    .     (no shield)
rPois  .         Spirit   .     l - +1 hat
rElec  .         Dismiss  .     (no cloak)
rCorr  +         Reflect  +     (gloves unavailable)
SustAt .         Harm     .     (boots unavailable)
MR     .....     NoCast   +     S - +6 amulet of reflection
Stlth  ++........               (no ring)
                                D - ring of flight

@: mighty, about to teleport, not resistant to hostile enchantments, unstealthy
A: unfitting armour, claws 3, fast metabolism 3, gourmand, regeneration 2,
shaggy fur 1, tough skin 2
a: Quick Charge, Device Surge, Renounce Religion, Evoke Flight


You were on level 2 of the Orcish Mines.
You worshipped Pakellas.
Pakellas was extremely pleased with you.
You were full.

You visited 2 branches of the dungeon, and saw 11 of its levels.

You collected 1619 gold pieces.
You spent 159 gold pieces at shops.

Inventory:

Missiles
 n - 2 throwing nets (quivered)
Armour
 a - a +0 robe
 l - a +1 hat (worn)
 H - a +0 robe
 Q - the cursed +1 robe "Xoyshry" (worn) {-Cast rN+ rCorr Int+4}
   (You bought it in a shop on level 8 of the Dungeon)

   It affects your intelligence (+4).
   It protects you from negative energy.
   It prevents spellcasting.
   It protects you from acid and corrosion.
   It has a curse placed upon it.
 U - a troll hide
Magical Staves
 F - an uncursed staff of wizardry {unknown}
Rods
 h - a +3 lightning rod (14/14)
   (Pakellas gifted it to you on level 2 of the Orcish Mines)
Jewellery
 D - a ring of flight (left claw)
 S - a +6 amulet of reflection (around neck)
Wands
 p - a wand of flame (15/48)
 y - a wand of slowing (29/48)
 E - a wand of confusion (27/48)
 G - a wand of paralysis (13/24)
 L - a wand of iceblast (6/15)
Scrolls
 d - 11 scrolls of remove curse
 e - 3 scrolls of noise
 j - 2 scrolls of teleportation
 q - 4 scrolls of enchant armour
 x - a scroll of immolation
 C - 2 scrolls of magic mapping {unknown}
 I - 4 scrolls of identify
 J - a scroll of summoning {unknown}
 K - 2 scrolls of fog {unknown}
 N - a scroll of holy word {unknown}
 P - a scroll of enchant weapon {unknown}
Potions
 c - a potion of brilliance {unknown}
 f - 2 potions of haste
 g - 3 potions of magic
 m - a potion of berserk rage
 r - a potion of beneficial mutation {unknown}
 s - 6 potions of curing {unknown}
 t - 3 potions of agility {unknown}
 u - a potion of invisibility {unknown}
 z - a potion of resistance {unknown}
 A - a potion of flight {unknown}
 O - 2 potions of lignification {unknown}
 T - a potion of cure mutation {unknown}
Books
 v - a book of Callings

   Spells                             Type                      Level
   a - Summon Small Mammal            Summoning                    1
   b - Call Imp                       Summoning                    2
   c - Call Canine Familiar           Summoning                    3
   d - Summon Guardian Golem          Hexes/Summoning              3
   e - Summon Lightning Spire         Summoning/Air                4
   f - Summon Ice Beast               Ice/Summoning                4
Miscellaneous
 R - a stone of tremors (inert)
Comestibles
 b - 9 bread rations
 i - 5 meat rations
 k - 9 slices of pizza
 M - 2 beef jerkies


   Skills:
 + Level 7.4 Fighting
 + Level 9.5 Dodging
 + Level 3.7 Stealth
 + Level 10.4 Unarmed Combat
 + Level 2.0 Evocations


You had 10 spell levels left.
You didn't know any spells.

Dungeon Overview and Level Annotations

Branches:
Dungeon (9/15)             Temple (0/1) D:6            Lair (0/8) D:9
    Orc (2/2) D:9             Elf (0/3) Orc:2

Altars:
Cheibriados
Elyvilon
Okawaru
Pakellas
Sif Muna
Vehumet
Yredelemnul
The Shining One
Beogh

Shops:
D:6 ?(*?}   D:7 [   D:8 [   D:9 [   Orc:1 =

Annotations:
D:8 kirsanium's ghost, novice DEFE
D:9 exclusion: statue


Innate Abilities, Weirdness & Mutations

You are too large for most types of armour.
You have claws for hands.
Your metabolism is lightning-fast.
You like to eat raw meat.
You heal very quickly.
You are covered in fur (AC +1).
You have very tough skin (AC +2).


Message History

* * * LOW HITPOINT WARNING * * *
The two-headed ogre barely misses you. The two-headed ogre misses you.
Things that are here:
a robe; an ogre corpse You claw the two-headed ogre!
You claw the two-headed ogre!!
The two-headed ogre is almost dead.
The ogre barely misses you.
The two-headed ogre barely misses you. x2
You claw the two-headed ogre!
You kill the two-headed ogre!
Pakellas accepts your kill.
You claw the ogre!
The ogre is heavily wounded.
The ogre hits you with a giant club!!
* * * LOW HITPOINT WARNING * * *
The ogre barely misses you.
Read which item? (? for menu, Esc to quit)
As you read the scroll of teleportation, it crumbles to dust.
You feel strangely unstable. The ogre hits you with a giant club!
You die...
Pakellas says: Good help is so hard to find these days!

##.......#####.....##
#.......###.........#
#.##...[)##........##
##.##...........#..#
###...........##.##
#..........#####
##......รท..>.#
####....#####
####..@O....## #.
##......O)....### .
#......)))O.....##
#........#...)...## ####
#.......##..).....###.##
###....)####........##...#
#......)).###.............
##.........##...)..#.....)
###......).#....)....###)


You could see a two-headed ogre and 2 ogres.

Vanquished Creatures
  2 ogre magi (Orc:2)
  An orc high priest (Orc:1)
  An orc sorcerer (Orc:1)
  The ghost of zeroDi the Sneak, a novice VSAs of Okawaru (D:5)
  A troll (Orc:2)
  2 blink frogs (D:9)
  4 two-headed ogres (Orc:2)
  A human (D:9)
  A warg (Orc:2)
  An ice beast (D:8)
  The ghost of barakagiga the Cudgeler, an amateur TrBe of Trog (D:4)
  A black bear (D:7)
  2 phantoms
  10 orc warriors
  17 ogres
  2 centaurs (D:8)
  6 giant frogs
  A scorpion (D:4)
  5 howler monkeys
  2 crimson imps (D:6)
  A giant frog zombie (D:5)
  3 giant frog skeletons
  7 orc priests
  A gnoll shaman (D:4)
  7 hounds
  A quasit (D:8)
  3 jellies
  10 orc wizards
  Ijyb (D:2)
  5 iguanas
  2 worker ants
  4 sheep (D:9)
  A hound zombie (D:7)
  A howler monkey zombie (D:8)
  10 gnolls
  A howler monkey skeleton (D:8)
  9 adders
  2 shadow imps
  3 oozes (D:3)
  A worm (D:3)
  An adder skeleton (D:5)
  2 dart slugs (D:1)
  5 giant geckos
  31 orcs
  2 bats
  3 giant cockroaches
  11 goblins
  6 hobgoblins
  4 jackals (D:3)
  5 quokkas
  2 ball pythons
  7 giant newts
  3 kobolds
  6 rats
223 creatures vanquished.

Vanquished Creatures (collateral kills)
  An orc knight (D:9)
  A vampire (D:9)
  A warg (Orc:1)
  A giant frog skeleton (D:9)
  4 orc wizards
  An orc (D:9)
9 creatures vanquished.

Vanquished Creatures (others)
  An orc (D:4)
  A ball python (D:3)
2 creatures vanquished.

Grand Total: 234 creatures vanquished

Notes
Turn   | Place    | Note
--------------------------------------------------------------
     0 | D:1      | georgeearnest the Troll Monk began the quest for the Orb.
     0 | D:1      | Reached XP level 1. HP: 22/22 MP: 0/0
   189 | D:1      | Reached XP level 2. HP: 29/29 MP: 1/1
   561 | D:2      | Reached XP level 3. HP: 35/36 MP: 2/2
   582 | D:2      | Found a faded altar to an unknown god.
   655 | D:2      | Found a snail-covered altar of Cheibriados.
   749 | D:2      | Noticed Ijyb
   776 | D:2      | Killed Ijyb
   777 | D:2      | Reached XP level 4. HP: 39/44 MP: 3/3
   912 | D:2      | Found a deep blue altar of Sif Muna.
  1259 | D:3      | Found a white marble altar of Elyvilon.
  1360 | D:3      | Found a glowing golden altar of the Shining One.
  1778 | D:3      | Found a basalt altar of Yredelemnul.
  1954 | D:3      | Reached XP level 5. HP: 49/50 MP: 4/4
  2077 | D:3      | Noticed an angel
  2089 | D:3      | Noticed a profane servitor
  2165 | D:4      | Reached skill level 5 in Unarmed Combat
  2474 | D:4      | Reached XP level 6. HP: 35/61 MP: 5/5
  2527 | D:4      | Noticed barakagiga's ghost (amateur TrBe)
  2547 | D:4      | Killed barakagiga's ghost
  2957 | D:4      | Reached XP level 7. HP: 65/67 MP: 6/6
  3137 | D:5      | Entered Level 5 of the Dungeon
  3158 | D:5      | Found an oddly glowing altar of Pakellas.
  3195 | D:5      | Became a worshipper of Pakellas the Inventive
  3195 | D:5      | Reached * piety under Pakellas
  3195 | D:5      | Received a gift from Pakellas
  3195 | D:5      | Reached ** piety under Pakellas
  3195 | D:5      | Received a gift from Pakellas
  3237 | D:5      | Reached skill level 6 in Unarmed Combat
  3259 | D:5      | Noticed zeroDi's ghost (novice VSAs)
  3661 | D:5      | Killed zeroDi's ghost
  3844 | D:5      | Reached skill level 5 in Dodging
  3930 | D:6      | Found Xaac's General Store.
  4001 | D:6      | Found Avedo's Gadget Boutique.
  4092 | D:6      | Found Qiomag's Weapon Emporium.
  4247 | D:6      | Found Waemuibb's Magic Scroll Shop.
  4262 | D:6      | Reached XP level 8. HP: 74/79 MP: 7/7
  4334 | D:6      | Found Ajeaz's Magic Scroll Emporium.
  4590 | D:6      | Found a staircase to the Ecumenical Temple.
  4785 | D:7      | Found Huaqe's Antique Armour Emporium.
  4920 | D:7      | Reached skill level 7 in Unarmed Combat
  5047 | D:7      | You fall through a shaft for 2 floors!
  5107 | D:9      | Reached skill level 5 in Fighting
  5326 | D:9      | Found a staircase to the Orcish Mines.
  5328 | D:9      | Noticed an orc knight
  5374 | D:9      | Reached *** piety under Pakellas
  5374 | D:9      | Received a gift from Pakellas
  5379 | D:9      | Killed an orc knight
  5379 | D:9      | Reached XP level 9. HP: 57/88 MP: 8/8
  5387 | D:9      | Reached skill level 1 in Evocations
  5718 | D:9      | Reached skill level 8 in Unarmed Combat
  5874 | D:9      | Found a staircase to the Lair.
  5940 | D:9      | Found Qicwaheo's Antique Armour Boutique.
  5950 | D:9      | Found a radiant altar of Vehumet.
  6420 | D:8      | Found Logiyqyl's Antique Armour Boutique.
  6429 | D:8      | Bought a shimmering robe for 159 gold pieces
  6440 | D:8      | Identified the cursed +1 robe "Xoyshry" {-Cast rN+ rCorr Int+4} (You bought it in a shop on level 8 of the Dungeon)
  6512 | D:8      | Noticed kirsanium's ghost (novice DEFE)
  6639 | D:8      | Found an iron altar of Okawaru.
  6932 | D:8      | Reached **** piety under Pakellas
  6932 | D:8      | Received a gift from Pakellas
  7934 | Orc:1    | Entered Level 1 of the Orcish Mines
  8143 | Orc:2    | Entered Level 2 of the Orcish Mines
  8160 | Orc:1    | Noticed an orc high priest
  8164 | Orc:1    | Noticed a sun demon
  8164 | Orc:1    | Noticed a hellwing
  8166 | Orc:1    | Reached XP level 10. HP: 56/98 MP: 10/10
  8168 | Orc:1    | Noticed a sixfirhy
  8415 | Orc:1    | Reached skill level 9 in Unarmed Combat
  8416 | Orc:1    | Found Suadghykly's Jewellery Shop.
  8498 | Orc:1    | Killed an orc high priest
  9201 | Orc:2    | Found a roughly hewn altar of Beogh.
  9330 | Orc:2    | Found a staircase to the Elven Halls.
  9558 | Orc:2    | Noticed a battleaxe of electrocution
  9588 | Orc:1    | Noticed an orc sorcerer
  9592 | Orc:1    | Noticed a rust devil
  9593 | Orc:1    | Noticed a sun demon
  9594 | Orc:1    | Killed an orc sorcerer
  9810 | Orc:2    | Reached ***** piety under Pakellas
  9810 | Orc:2    | Received a gift from Pakellas
  9937 | Orc:2    | Noticed an ogre mage
  9937 | Orc:2    | Noticed an ogre mage
  9947 | Orc:2    | Noticed an ogre mage
 10107 | Orc:2    | Killed an ogre mage
 10107 | Orc:2    | Reached skill level 10 in Unarmed Combat
 10107 | Orc:2    | Reached XP level 11. HP: 75/109 MP: 11/11
 10235 | Orc:2    | Killed an ogre mage
 10242 | Orc:2    | Mangled by an ogre

Skill      XL: |  1  2  3  4  5  6  7  8  9 10 |
---------------+-------------------------------+-----
Dodging        | 3 4 5 6 7 9 |  9.5
Unarmed Combat | 5 6 7 8 10 | 10.4
Fighting       | 3 4 5 6 7 |  7.4
Stealth        | 2 3 |  3.7
Evocations     | 1 2 |  2.0

Action                   |  1- 3 |  4- 6 |  7- 9 | 10-12 || total
-------------------------+-------+-------+-------+-------++-------
Melee: Unarmed           |    75 |   143 |   336 |   234 ||   788
       Punch             |     2 |     1 |     9 |    10 ||    22
Evoke: Wand              |       |     1 |     7 |     1 ||     9
       Sack of spiders   |       |       |    11 |     6 ||    17
       Stone of tremors  |       |       |       |     1 ||     1
  Use: Potion            |       |     1 |     1 |     4 ||     6
       Scroll            |       |     2 |    10 |     8 ||    20
 Stab: Sleeping          |     2 |     2 |     1 |       ||     5
       Distracted        |       |     1 |     1 |       ||     2
       Fleeing           |       |       |       |     1 ||     1
  Eat: Chunk             |     5 |    23 |    42 |    18 ||    88
       Bread ration      |     1 |       |       |       ||     1
       Meat ration       |       |       |     1 |       ||     1
Armor: Robe              |    25 |    37 |    84 |    26 ||   172
Dodge: Dodged            |    43 |    61 |   213 |   168 ||   485
Block: Other             |       |       |       |    49 ||    49
